 Dungeon Crawl Stone Soup version 0.31.0-9-g3a7656b989 (webtiles) character file.

Game seed: 15951127771564877151

167 qw the Shooter (level 5, -5/26 HPs)
             Began as a Spriggan Hunter on Feb 2, 2024.
             Was an Initiate of Okawaru.
             Killed by nerve-wracking pain
             ... invoked by Grinder
              (12 damage)
             ... on level 3 of the Dungeon.
             The game lasted 00:00:06 (2374 turns).

qw the Shooter (Spriggan Hunter)                    Turns: 2374, Time: 00:00:07

Health: -5/26      AC:  2    Str:  7    XL:     5   Next: 23%
Magic:  6/6        EV: 20    Int: 11    God:    Okawaru [......]
Gold:   88         SH:  0    Dex: 20    Spells: 4/4 levels left

rFire   . . .        b - +5 sling (elec)
rCold   . . .        (no shield)
rNeg    . . .        c - +0 robe
rPois   .            (helmet restricted)
rElec   .            f - scarf {repulsion}
rCorr   .            (gloves unavailable)
SInv    +            (boots unavailable)
Will    .....        (no amulet)
Stlth   ++           (no ring)
HPRegen 0.24/turn    (no ring)
MPRegen 0.10/turn

%: repel missiles
@: very quick
A: very small, no large weapons, unfitting armour, see invisible, speed 3
a: Renounce Religion


You were on level 3 of the Dungeon.
You worshipped Okawaru.
Okawaru was noncommittal.
You visited 1 branch of the dungeon, and saw 3 of its levels.

You collected 88 gold pieces.


Innate Abilities, Weirdness & Mutations

You are very small and have problems with some larger weapons.
You are too small for most types of armour.
You have supernaturally acute eyesight. (SInv)
You cover ground extremely quickly. (Speed+++)


   Skills:
 - Level 2.2 Fighting
 + Level 5.3 Ranged Weapons
 - Level 5.1 Dodging
 - Level 1.5 Stealth


You had 4 spell levels left.
You didn't know any spells.
Your spell library was empty.

Inventory:

Hand Weapons
 b - a +5 sling of electrocution (weapon)
Armour
 c - a +0 robe (worn)
 f - a scarf of repulsion (worn)
Potions
 a - a potion of attraction {unknown}
 d - 3 potions of heal wounds
 e - a potion of curing
 h - a potion of resistance {unknown}
 j - a potion of enlightenment {unknown}
 l - a potion of brilliance {unknown}

Dungeon Overview and Level Annotations

Branches:
Dungeon (3/15)

Altars:
Dithmenos
Fedhas
Okawaru
Sif Muna
Yredelemnul

Annotations:
D:3 Grinder


Message History

Items here: %% ))) [[[.
You shoot a sling bullet. The sling bullet hits Grinder.
Grinder shouts!
Grinder is lightly wounded.
You shoot a sling bullet.
The sling bullet closely misses Grinder.
You shoot a sling bullet. The sling bullet hits Grinder.
Grinder is lightly wounded.
Grinder blinks!
Grinder is nearby!
You shoot a sling bullet. The sling bullet hits Grinder!
Grinder is moderately wounded.
You shoot a sling bullet. The sling bullet hits Grinder.
Grinder is moderately wounded.
A hobgoblin comes into view.
You shoot a sling bullet. The sling bullet barely misses Grinder.
The hobgoblin shouts!
You shoot a sling bullet. The sling bullet hits Grinder!
Grinder is heavily wounded.
You shoot a sling bullet. The sling bullet barely misses Grinder.
Grinder gestures at you. Pain shoots through your body!
You shoot a sling bullet. The sling bullet hits Grinder.
Grinder is severely wounded.
You shoot a sling bullet.
The sling bullet completely misses Grinder.
The sling bullet hits the hobgoblin!
Lightning courses through the hobgoblin!
You kill the hobgoblin!
Okawaru accepts your kill. Grinder gestures at you.
Pain shoots through your body!
You shoot a sling bullet. The sling bullet barely misses Grinder.
Grinder hits you!
You writhe in agony.
You shoot a sling bullet. The sling bullet hits Grinder.
Grinder is almost dead.
Grinder gestures at you. Pain shoots through your body!
You die...
Grinder sighs, "Dead already?
I want a refund."

.....# #.....##
#....... #..)..#
#..... #### #...#
##...######..######
#.........)........
#.....<....@.$.....
#.....)####5.##..##
##...... ...... #
##.#..####......
#.#..# ##.....# #
#..# ....... #..#
.....## ...# #.#..#


You could see Grinder.

Vanquished Creatures
  An orc priest (D:3)
  A jelly (D:2)
  An orc wizard (D:3)
  An adder (D:2)
  4 dart slugs
  A ribbon worm (D:2)
  3 orcs (D:3)
  3 bats (D:1)
  13 endoplasms
  A giant cockroach (D:2)
  4 goblins
  4 hobgoblins
  3 quokkas
  4 ball pythons
  3 frilled lizards
  11 kobolds
  2 rats
60 creatures vanquished.

Notes
Turn   | Place    | Note
-------+----------+-------------------------------------------
     0 | D:1      | qw the Spriggan Hunter began the quest for the Orb.
     0 | D:1      | Reached XP level 1. HP: 10/10 MP: 2/2
     0 | D:1      | 0 ||| qw: Version: 0.3-a-155-g5e7d8dd
     0 | D:1      | 0 ||| qw: Game counter: 2318
     0 | D:1      | 0 ||| qw: Melee chars always use a shield: true
     0 | D:1      | 0 ||| qw: God list: Okawaru
     0 | D:1      | 0 ||| qw: Allow faded altars: false
     0 | D:1      | 0 ||| qw: Do Orc after clearing Dungeon:15 true
     0 | D:1      | 0 ||| qw: Do second Lair branch before Depths: true
     0 | D:1      | 0 ||| qw: Lair rune preference: random
     0 | D:1      | 0 ||| qw: Goals: Normal
     0 | D:1      | 0 ||| PLANNING D:1-11
    18 | D:1      | Reached skill level 3 in Dodging
   170 | D:1      | Reached XP level 2. HP: 14/14 MP: 3/3
   626 | D:1      | Found a faded altar of an unknown god.
   628 | D:1      | 628 ||| READING scroll labelled ALUONY JIAGEO.
   635 | D:1      | Reached XP level 3. HP: 17/18 MP: 4/4
   884 | D:1      | 884 ||| READING 2 scrolls labelled GAC DUQETZYHOH.
   884 | D:1      | 884 ||| IDENTIFYING grey potion
   885 | D:1      | 885 ||| READING scroll of identify.
   885 | D:1      | 885 ||| IDENTIFYING clear potion
   886 | D:1      | 886 ||| READING scroll labelled POUDDEUTAM.
   887 | D:1      | 887 ||| READING scroll labelled BAOLAI HUSCHITU.
   887 | D:1      | 887 ||| ENCHANTING +0 shortbow.
   888 | D:1      | 888 ||| DROPPING scroll of butterflies.
  1842 | D:2      | Found a shadowy altar of Dithmenos.
  1842 | D:2      | Found an iron altar of Okawaru.
  1842 | D:2      | Found a blossoming altar of Fedhas.
  1842 | D:2      | Found a shimmering blue altar of Sif Muna.
  1842 | D:2      | Found a basalt altar of Yredelemnul.
  1842 | D:2      | Found an iron altar of Okawaru.
  1843 | D:2      | 1843 ||| PLANNING OKAWARU WORSHIP
  1844 | D:2      | Reached XP level 4. HP: 22/22 MP: 5/5
  1903 | D:2      | 1903 ||| UPGRADING to scarf of repulsion.
  1908 | D:2      | 1908 ||| READING scroll labelled YTUMIA ONAJE.
  1909 | D:2      | 1909 ||| READING scroll labelled BISHRESHR ODEKO.
  1909 | D:2      | 1909 ||| ENCHANTING +1 shortbow.
  1910 | D:2      | 1910 ||| READING scroll labelled XAJOIT DULAY.
  1910 | D:2      | Identified a scroll of acquirement
  1910 | D:2      | 1910 ||| ACQUIRING +5 sling of electrocution
  1910 | D:2      | Acquired a +5 sling of electrocution
  1912 | D:2      | 1912 ||| SWAPPING to +5 sling of electrocution.
  1913 | D:2      | 1913 ||| DROPPING +1 shortbow.
  1915 | D:2      | 1915 ||| Stepping ~*~*~tactically~*~*~ (cloud).
  1923 | D:2      | HP: 5/22 [poisoned by you (poison gas)]
  2004 | D:2      | Became a worshipper of Warmaster Okawaru
  2005 | D:2      | 2005 ||| PLANNING D:1-11
  2243 | D:3      | 2243 ||| FLEEEEING.
  2249 | D:3      | 2249 ||| FLEEEEING.
  2250 | D:3      | 2250 ||| FLEEEEING.
  2251 | D:3      | 2251 ||| STAIRDANCE
  2315 | D:3      | Reached XP level 5. HP: 26/26 MP: 6/6
  2361 | D:3      | Noticed Grinder
  2374 | D:3      | Killed from afar by Grinder

Levels and vault maps discovered:
D:1:      dpeg_arrival_arbitrary_a, layout_loops_ring,
          shapermc_ecumenical_altar_notcrosses, nicolae_the_louvre
D:2:      cheibrodos_fertilizer, layout_loops_corners, minmay_pentomino_x4
D:3:      layout_loops_ring, overflow_temple_1_default, bloody_makhleb,
          chequers_serial_rivers_micro_c, uniq_grinder

Skill      XL: |  1  2  3  4 |
---------------+-------------+-----
Dodging        | 3 4 5 |  5.1
Ranged Weapons | 5 |  5.3
Fighting       | 2 |  2.2
Stealth        | |  1.5

Action                     |  1- 3 |  4- 6 || total
---------------------------+-------+-------++-------
   Fire: Shortbow          |   105 |    12 ||   117
         Sling             |       |    32 ||    32
    Use: Scroll            |     5 |     3 ||     8
 Armour: Robe              |    15 |    10 ||    25
  Dodge: Dodged            |    38 |     8 ||    46

Table legend:
 A = Non-vault XP
 B = Vault XP
 C = Vault XP percentage of total XP
 D = Non-vault monster count
 E = Vault monster count
 F = Vault count percentage of total count
                 A         B        C        D         E       F
            +---------+---------+-------+---------+---------+-------
      Total |     169 |      70 |  29.3 |      42 |      18 |  30.0
            +---------+---------+-------+---------+---------+-------
        D:1 |      42 |       0 |   0.0 |      23 |       0 |   0.0
        D:2 |      36 |      70 |  66.0 |      12 |      18 |  60.0
        D:3 |      91 |       0 |   0.0 |       7 |       0 |   0.0
            +---------+---------+-------+---------+---------+-------
